 Dungeon Crawl Stone Soup version 0.18.1-1-g2f07953 (webtiles) character file.

80 jacquesderrida the Charmwright (level 4, 0/33 HPs)
             Began as a Demonspawn Skald on May 7, 2016.
             Slain by a goblin
             ... wielding a +0 dagger
              (3 damage)
             ... on level 3 of the Dungeon.
             The game lasted 00:01:49 (854 turns).

jacquesderrida the Charmwright (Demonspawn Skald)    Turns: 854, Time: 00:01:50

Health: 0/33       AC:  4    Str: 12    XL:     4   Next: 18%
Magic:  0/7        EV: 13    Int: 13    God:
Gold:   73         SH:  0    Dex: 14    Spells: 2 memorised, 3 levels left

rFire  . . .     SeeInvis .     a - +0 falchion
rCold  . . .     Gourm    .     b - +0 leather armour
rNeg   . . .     Faith    .     (no shield)
rPois  .         Spirit   +     (no helmet)
rElec  .         Dismiss  .     (no cloak)
rCorr  .         Reflect  .     h - +0 pair of gloves
SustAt .         Harm     .     (no boots)
MR     .....                    (no amulet)
Stlth  +.........               (no ring)
                                (no ring)

@: not resistant to hostile enchantments, very unstealthy
A: repulsion field 1, magic shield, magic regeneration
a: no special abilities


You were on level 3 of the Dungeon.
You were not hungry.

You visited 1 branch of the dungeon, and saw 3 of its levels.

You collected 73 gold pieces.

Inventory:

Hand Weapons
 a - a +0 falchion (weapon)
Armour
 b - a +0 leather armour (worn)
 h - a +0 pair of gloves (worn)
Scrolls
 e - 4 scrolls of remove curse {unknown}
 g - a scroll of amnesia {unknown}
 j - a scroll of identify {unknown}
 m - a scroll of random uselessness {unknown}
Potions
 f - a potion of cancellation {unknown}
 i - a potion of invisibility {unknown}
 l - a potion of curing {unknown}
Books
 c - a book of Battle

   Spells                             Type                      Level
   a - Infusion                       Charms                       1
   b - Shroud of Golubria             Charms/Translocation         2
   c - Song of Slaying                Charms                       2
   d - Spectral Weapon                Hexes/Charms                 3
   e - Regeneration                   Charms/Necromancy            3
Comestibles
 d - 3 bread rations
 k - a beef jerky
 n - 2 chunks of flesh


   Skills:
 - Level 2.0 Fighting
 + Level 2.9 Long Blades
 - Level 0.8 Armour
 - Level 0.8 Dodging
 - Level 2.0 Spellcasting
 + Level 3.8 Charms
 + Level 0.7 Necromancy


You had 3 spell levels left.
You knew the following spells:

 Your Spells              Type           Power        Failure   Level  Hunger
a - Infusion              Chrm           ##..         10%         1    ##.....
r - Regeneration          Chrm/Necr      #.........   41%         3    ####...


Dungeon Overview and Level Annotations

Branches:
Dungeon (3/15)

Altars:


Innate Abilities, Weirdness & Mutations

You are surrounded by a mild repulsion field (EV +2).
When hurt, damage is shared between your health and your magic reserves.
You regenerate magic rapidly.


Message History

Natasha closely misses you.
You hit Natasha.
Natasha is severely wounded.
The goblin closely misses you. Natasha claws you.
* * * LOW HITPOINT WARNING * * *
You barely miss Natasha.
Natasha is severely wounded.
The goblin hits you with a dagger. Natasha claws you.
* * * LOW HITPOINT WARNING * * *
The goblin closely misses you.
You hit Natasha.
You kill Natasha!
Natasha screams in fury as she dies!
You have reached level 4!
You feel agile.
Your demonic ancestry asserts itself...
You feel your magic shroud grow more resilient.
The shadow imp disappears in a puff of smoke!
The goblin misses you.
You closely miss the goblin. The goblin hits you with a dagger.
You die...

#....... #.# #......
.. #..... #.##
###...... ..#
......... #.## .§.
#...#####..### #†#
.##........... >. #@#
............<.
...<###g#
####..)......
#.....#### #.........
##.......## #...<....#
#...####.)######....##
....## ##..# #..#.##
#..# #####.# #....#
..# #...#.# #....# .#
##....# #....#


You could see a goblin.

Vanquished Creatures
  Natasha (twice) (D:3)
  An ooze (D:1)
  A dart slug (D:1)
  4 giant cockroaches
  3 hobgoblins
  A ball python (D:1)
  4 giant newts
  A goblin (D:2)
  8 kobolds
  2 rats
27 creatures vanquished.

Notes
Turn   | Place    | Note
--------------------------------------------------------------
     0 | D:1      | jacquesderrida the Demonspawn Skald began the quest for the Orb.
     0 | D:1      | Reached XP level 1. HP: 16/16 MP: 3/3
    50 | D:1      | Reached skill level 3 in Charms
    90 | D:1      | Gained mutation: You are surrounded by a mild repulsion field (EV +2). [demonic ancestry]
    90 | D:1      | Reached XP level 2. HP: 13/22 MP: 5/5
   768 | D:3      | Gained mutation: When hurt, damage is shared between your health and your magic reserves. [demonic ancestry]
   768 | D:3      | Reached XP level 3. HP: 21/27 MP: 6/6
   773 | D:3      | Noticed Natasha
   785 | D:3      | HP: 1/27 [Natasha/magic dart (6)]
   791 | D:3      | Killed Natasha
   809 | D:3      | Learned a level 3 spell: Regeneration
   843 | D:3      | Noticed Natasha
   853 | D:3      | Killed Natasha
   853 | D:3      | Gained mutation: You regenerate magic rapidly. [demonic ancestry]
   853 | D:3      | Reached XP level 4. HP: 2/33 MP: 1/7
   854 | D:3      | Slain by a goblin

Skill      XL: |  1 |
---------------+----+-----
Long Blades    | 2 |  2.9
Charms         | 3 |  3.8
Fighting       | |  2.0
Armour         | |  0.8
Dodging        | |  0.8
Spellcasting   | |  2.0
Necromancy     | |  0.7

Action                   |  1- 3 |  4- 6 || total
-------------------------+-------+-------++-------
Melee: Falchion          |   106 |     1 ||   107
Armor: Leather armour    |    21 |       ||    21
Dodge: Dodged            |    89 |     1 ||    90
